 Dungeon Crawl Stone Soup version 0.27-a0-695-gb4952372f7 (webtiles) character file.

Game seed: 5018896621108529898

259 Gaff the Slinger (level 6, -1/39 HPs)
             Began as a Halfling Hunter on Mar 22, 2021.
             Slain by a bullfrog skeleton (5 damage)
             ... on level 4 of the Dungeon.
             The game lasted 00:10:25 (4219 turns).

Gaff the Slinger (Halfling Hunter)                  Turns: 4219, Time: 00:10:25

Health: -1/39      AC:  4    Str: 15    XL:     6   Next: 40%
Magic:  6/6        EV: 14    Int:  9    God:
Gold:   106        SH:  5    Dex: 21    Spells: 5/5 levels left

rFire    . . .     SeeInvis .   b - +0 short sword
rCold    . . .     Faith    .   (shield restricted)
rNeg     . . .     Spirit   .   c - +0 leather armour
rPois    .         Reflect  +   i - +0 helmet
rElec    .         Harm     .   (no cloak)
rCorr    .         Rampage  .   (no gloves)
Will     .....                  (no boots)
Stlth    ++........             p - amulet of reflection
HPRegen  0.13/turn              t - +6 ring of dexterity
MPRegen  0.10/turn              (no ring)

@: lethally poisoned (-1 -> -4)
A: small, no large weapons, mutation resistance 1
a: no special abilities


You were on level 4 of the Dungeon.
You visited 1 branch of the dungeon, and saw 5 of its levels.

You collected 106 gold pieces.

Inventory:

Hand Weapons
 a - a +1 hunting sling
 b - a +0 short sword (weapon)
 l - a +0 morningstar
Missiles
 d - 20 sling bullets
 e - 98 stones (quivered)
 s - 2 boomerangs of dispersal
 v - 14 poisoned darts
Armour
 c - a +0 leather armour (worn)
 i - a +0 helmet (worn)
Jewellery
 p - an amulet of reflection (around neck)
 t - a +6 ring of dexterity (right hand)
Scrolls
 f - a scroll of magic mapping
 k - a scroll of noise
 q - a scroll of random uselessness
 u - a scroll of brand weapon
 w - a scroll of enchant armour {unknown}
 x - a scroll of enchant weapon {unknown}
Potions
 g - a potion of resistance
 h - a potion of lignification
 j - a potion of attraction
 n - a potion of heal wounds {unknown}
 o - 3 potions of curing {unknown}
 r - a potion of degeneration {unknown}


   Skills:
 - Level 1.7 Fighting
 * Level 9.8 Slings
 - Level 2.1 Dodging
 - Level 3.0 Stealth


You had 5 spell levels left.
You didn't know any spells.
Your spell library was empty.

Dungeon Overview and Level Annotations

Branches:
Dungeon (5/15)
 Temple: D:4-7

Altars:

Shops:
D:1 *

Annotations:
D:5 Edmund


Innate Abilities, Weirdness & Mutations

You are small and have problems with some larger weapons.
You are somewhat resistant to further mutation.


Message History

The worker ant is severely wounded.
You feel sick. The worker ant closely misses you.
You hit the worker ant.
You kill the worker ant!
You feel sick.
You hit the bullfrog skeleton.
The bullfrog skeleton is moderately damaged.
You feel sick.
The bullfrog skeleton closely misses you. x2
You barely miss the bullfrog skeleton.
The bullfrog skeleton is moderately damaged.
You feel sick.
The bullfrog skeleton closely misses you.
You completely miss the bullfrog skeleton.
The bullfrog skeleton is moderately damaged.
The bullfrog skeleton hits you.
* * * LOW HITPOINT WARNING * * *
The bullfrog skeleton misses you.
You hit the bullfrog skeleton.
The bullfrog skeleton is moderately damaged.
You feel sick.
The bullfrog skeleton barely misses you.
You hit the bullfrog skeleton.
The bullfrog skeleton is moderately damaged.
The bullfrog skeleton hits you.
* * * LOW HITPOINT WARNING * * *
You hit the bullfrog skeleton but do no damage.
The bullfrog skeleton is moderately damaged.
* * * LOW HITPOINT WARNING * * *
You feel sick.
The bullfrog skeleton closely misses you.
You block the bullfrog skeleton's attack.
You hit the bullfrog skeleton.
The bullfrog skeleton is heavily damaged.
You block the bullfrog skeleton's attack.
You hit the bullfrog skeleton.
The bullfrog skeleton is heavily damaged.
* * * LOW HITPOINT WARNING * * *
You feel sick. The bullfrog skeleton hits you.
You die...

#.#.# #.# #)#.# #.# #.#.# #.#
###### #.#.# #.# #..... #.#.#
#.# #..... #.#.###.# #..... #
#.#.....# #.....
...##.#######.##########.....
....(...(..Z@.........['.....
....(..#################.....
...###. ###### . #. #. #. #(
(.


You could see a bullfrog skeleton.

Vanquished Creatures
  A bullfrog skeleton (D:5)
  An orc wizard (D:4)
  2 worker ants (D:4)
  4 gnolls (D:2)
  5 adders
  2 oozes
  2 dart slugs (D:2)
  4 leopard geckos
  5 orcs
  6 giant cockroaches
  A goblin (D:2)
  7 hobgoblins
  A quokka (D:2)
  A ball python (D:1)
  7 bats
  A frilled lizard (D:2)
  6 kobolds
  11 rats
67 creatures vanquished.

Notes
Turn   | Place    | Note
-------+----------+-------------------------------------------
     0 | D:1      | Gaff the Halfling Hunter began the quest for the Orb.
     0 | D:1      | Reached XP level 1. HP: 14/14 MP: 1/1
   115 | D:1      | Reached skill level 6 in Slings
   368 | D:1      | Reached XP level 2. HP: 19/19 MP: 2/2
   471 | D:1      | Found Faph's General Store.
  1090 | D:2      | Reached XP level 3. HP: 24/24 MP: 3/3
  1482 | D:2      | Reached skill level 7 in Slings
  1596 | D:2      | Reached XP level 4. HP: 29/29 MP: 4/4
  2008 | D:2      | Reached skill level 8 in Slings
  2008 | D:2      | Reached XP level 5. HP: 22/34 MP: 5/5
  3341 | D:4      | You fall into a shaft and drop 1 floor!
  3341 | D:5      | Entered Level 5 of the Dungeon
  3356 | D:5      | Noticed Edmund
  3377 | D:5      | Reached skill level 9 in Slings
  3580 | D:5      | Noticed a phantom
  3677 | D:4      | Reached XP level 6. HP: 18/39 MP: 6/6
  4176 | D:4      | HP: 1/39 [something (7)]
  4219 | D:4      | Slain by a bullfrog skeleton

Illustrated notes

Levels and vault maps discovered:
D:1:      dpeg_arrival_signposts, layout_basic, serial_shops, shop
D:2:      minmay_general_purpose_star, layout_loops_ring,
          chequers_serial_rivers_small_b
D:3:      layout_loops_ring, marbit_many_paths
D:4:      layout_basic
D:5:      layout_layer_cave, uniq_edmund

Skill      XL: |  1  2  3  4  5 |
---------------+----------------+-----
Slings         | 6 7 8 9 |  9.8
Stealth        | 2 3 |  3.0
Fighting       | |  1.7
Dodging        | |  2.1

Action                   |  1- 3 |  4- 6 || total
-------------------------+-------+-------++-------
Melee: Short sword       |    97 |   160 ||   257
 Fire: Hunting sling     |     9 |    65 ||    74
  Use: Scroll            |       |     5 ||     5
       Potion            |       |     4 ||     4
 Stab: Sleeping          |       |     2 ||     2
Armor: Leather armour    |    20 |    27 ||    47
       Skin              |       |    30 ||    30
Dodge: Dodged            |    70 |    74 ||   144
Block: Other             |       |    27 ||    27

Table legend: (Time is in decaauts)
 A = Elapsed time spent in this place.
 B = Non-inter-level travel time spent in this place.
 C = Inter-level travel time spent in this place.
 D = Time resting spent in this place.
 E = Time spent auto-exploring this place.
 F = Levels seen in this place.
 G = Mean time per level.
                   A        B        C        D        E       F      G
               +--------+--------+--------+--------+--------+-----+--------+
         Total |   4221 |   3980 |    241 |   1704 |   1119 |   5 |  844.2 |
       Dungeon |   4221 |   3980 |    241 |   1704 |   1119 |   5 |  844.2 |
               +--------+--------+--------+--------+--------+-----+--------+

Top non-repeatable levels by time:
     D:2: 1437 daAuts
     D:1: 1194 daAuts
     D:4: 832 daAuts
     D:3: 512 daAuts
     D:5: 244 daAuts
